 Dungeon Crawl Stone Soup version 0.31-a0-1008-g5b978dac0e (webtiles) character file.

Game seed: 11547152321752768357

711294 BinkBink the Slayer (level 27, -5/399 HPs)
             Began as a Minotaur Fighter on Nov 12, 2023.
             Was the Champion of Okawaru.
             Slain by a royal mummy (10 damage)
             ... on level 2 of the Tomb of the Ancients.
             The game lasted 04:01:47 (89285 turns).

BinkBink the Slayer (Minotaur Fighter)             Turns: 89285, Time: 04:01:50

Health: -5/399     AC: 34    Str: 39    XL:     27
Magic:  22/33      EV:  2    Int: 10    God:    Okawaru [******]
Gold:   6998       SH: 29    Dex: 10    Spells: 26/26 levels left

rFire   + . .        j - +9 broad axe of Ukha {speed, rC+ Stlth+}
rCold   + . .        W - +2 tower shield
rNeg    + + +        t - melded +9 scales of the Dragon King {rPois rF+ rC+ Will+}
rPois   +            (helmet unavailable)
rElec   .            Q - melded scarf of Reatide {repulsion, rElec rF+ Int-2 Slay+2}
rCorr   .            Y - melded +2 pair of gloves {infuse}
SInv    +            v - melded +1 pair of boots {Fly}
Will    ++++.        w - amulet of Wu Jian's Delight {Reflect rC+ rN+ SH+5}
Stlth   ++           I - ring "Omnih" {Fire rN+ Will+ Str+3 Int+2}
HPRegen 0.86/turn    z - ring of Togoj {rN+ Str+3 Int+3 Slay-2 SInv}
MPRegen 0.23/turn

%: reflection
@: tree-form, spiked, slowed, very slow
A: stationary, stasis, torment immunity, boosted hp, (horns 3), (retaliatory
headbutt), (talons 2), clumsy 1, strong-willed 1, subdued magic 1
}: 5/15 runes: decaying, slimy, silver, abyssal, gossamer
a: Renounce Religion, Heroism, Finesse, Duel


You were on level 2 of the Tomb of the Ancients.
You worshipped Okawaru.
Okawaru was exalted by your worship.
You were a tree.
You visited 16 branches of the dungeon, and saw 59 of its levels.
You visited the Abyss 8 times.
You also visited: Trove, Bailey and Volcano.

You collected 10478 gold pieces.
You spent 3480 gold pieces at shops.

Inventory:

Hand Weapons
 j - the +9 broad axe of Ukha (weapon) {speed, rC+ Stlth+}
   (You acquired it on level 8 of the Dungeon)

   rC+:       It protects you from cold.
   Stlth+:    It makes you more stealthy.
Missiles
 a - 3 throwing nets
 e - 60 boomerangs
 E - 9 javelins
 R - 45 silver javelins (quivered)
 X - 5 atropa-tipped darts
Armour
 t - the +9 scales of the Dragon King (melded) {rPois rF+ rC+ Will+}
   (You found it in a treasure trove)

   rF+:       It protects you from fire.
   rC+:       It protects you from cold.
   rPois:     It protects you from poison Will+: It increases your willpower.
 v - a +1 pair of boots of flying (melded)
 F - a +2 hat
 Q - the scarf of Reatide (melded) {repulsion, rElec rF+ Int-2 Slay+2}
   (You bought it in a shop on level 3 of the Depths)

   Int-2:     It affects your intelligence (-2).
   Slay+2:    It affects your accuracy & damage with ranged weapons and melee
   (+2).
   rF+:       It protects you from fire.
   rElec:     It insulates you from electricity.
 W - a +2 tower shield (worn)
 Y - a +2 pair of gloves of infusion (melded)
Jewellery
 c - the amulet of Ackeohua {Faith rPois Int-2 Dex+4 SInv}
   (You found it on level 5 of the Pits of Slime)

   [amulet of faith]

   Faith:     It allows you to gain divine favour quickly.
   Int-2:     It affects your intelligence (-2).
   Dex+4:     It affects your dexterity (+4).
   rPois:     It protects you from poison SInv: It lets you see invisible.
 r - the ring "Anudghar" {Str+3 SInv}
   (You found it on level 5 of the Vaults)

   [ring of see invisible]

   Str+3:     It affects your strength (+3).
   SInv:      It lets you see invisible.
 w - the amulet of Wu Jian's Delight (around neck) {Reflect rC+ rN+ SH+5}
   (You took it off Mennas on level 5 of the Vaults)

   [amulet of reflection]

   Reflect:   It reflects blocked missile attacks.
   rC+:       It protects you from cold.
   rN+:       It protects you from negative energy.
   SH+5:      It affects your SH (+5).
 x - a ring of willpower
 z - the ring of Togoj (right branch) {rN+ Str+3 Int+3 Slay-2 SInv}
   (You found it on level 3 of the Elven Halls)

   [ring of positive energy]

   Str+3:     It affects your strength (+3).
   Int+3:     It affects your intelligence (+3).
   Slay-2:    It affects your accuracy & damage with ranged weapons and melee
   (-2).
   rN+:       It protects you from negative energy.
   SInv:      It lets you see invisible.
 I - the ring "Omnih" (left branch) {Fire rN+ Will+ Str+3 Int+2}
   (You acquired it on level 1 of the Lair of Beasts)

   [ring of fire]

   Fire:      It enhances your fire magic.
   Str+3:     It affects your strength (+3).
   Int+2:     It affects your intelligence (+2).
   rF+:       It protects you from fire.
   rC-:       It makes you vulnerable to cold.
   rN+:       It protects you from negative energy.
   Will+:     It increases your willpower.
 K - a ring of protection from cold
 N - an amulet of regeneration
Wands
 f - a wand of polymorph (9)
 h - a wand of paralysis (14)
 u - a wand of digging (33)
 P - a wand of mindburst (6)
 U - a wand of roots (14)
 V - a wand of flame (24)
Scrolls
 i - 2 scrolls of amnesia
 m - a scroll of vulnerability
 n - 12 scrolls of enchant weapon
 o - 5 scrolls of silence
 q - 3 scrolls of blinking
 y - 8 scrolls of fog
 B - 5 scrolls of immolation
 C - 5 scrolls of revelation
 H - 10 scrolls of fear
 L - 26 scrolls of teleportation
 T - 3 scrolls of brand weapon
Potions
 b - 7 potions of heal wounds
 d - 14 potions of might
 g - 7 potions of lignification
 k - 3 potions of invisibility
 l - 15 potions of curing
 p - 5 potions of resistance
 s - 5 potions of mutation
 A - 3 potions of magic
 D - 5 potions of cancellation
 G - 8 potions of brilliance
 J - 10 potions of haste
 M - 6 potions of ambrosia
 O - 6 potions of enlightenment
 S - a potion of berserk rage


   Skills:
 + Level 25.4 Fighting
 + Level 25.3 Axes
 + Level 23.0 Throwing
 + Level 25.3 Armour
 + Level 15.4 Dodging
 + Level 24.9 Shields
 - Level 15.0 Invocations


You had 26 spell levels left.
You didn't know any spells.
Your spell library contained the following spells:

 Spells                   Type           Power      Damage    Failure   Level
 Apportation              Tloc           0%         N/A       34%         1
 Foxfire                  Conj/Fire      0%         2x1d4     34%         1
 Necrotise                Necr           0%         1d4       34%         1
 Sandblast                Erth           0%         2d4       34%         1
 Sting                    Tmut/Pois      0%         1d3       34%         1
 Blink                    Tloc           0%         N/A       47%         2
 Cigotuvi's Dreadful Rot  Necr/Pois/Air  0%         N/A       47%         2
 Ensorcelled Hibernation  Hex/Ice        0%         N/A       47%         2
 Jinxbite                 Hex            0%         N/A       47%         2
 Lesser Beckoning         Tloc           0%         N/A       47%         2
 Momentum Strike          Conj/Tloc      0%         3d8       47%         2
 Passwall                 Tmut/Erth      0%         N/A       47%         2
 Poisonous Vapours        Pois/Air       0%         N/A       47%         2
 Static Discharge         Conj/Air       0%         3-3/arc   47%         2
 Sublimation of Blood     Necr           0%         N/A       47%         2
 Wereblood                Tmut           0%         N/A       47%         2
 Dazzling Flash           Conj/Hex       0%         N/A       73%         3
 Frozen Ramparts          Ice            0%         1d1       73%         3
 Gell's Gravitas          Tloc           0%         N/A       73%         3
 Ignite Poison            Fire/Tmut/Pois 0%         N/A       73%         3
 Inner Flame              Hex/Fire       0%         N/A       73%         3
 Mephitic Cloud           Conj/Pois/Air  0%         N/A       73%         3
 Ozocubu's Armour         Ice            0%         N/A       73%         3
 Sigil of Binding         Hex            0%         N/A       73%         3
 Stone Arrow              Conj/Erth      0%         3d7       73%         3
 Teleport Other           Tloc           0%         N/A       73%         3
 Vampiric Draining        Necr           0%         2d6       73%         3
 Volatile Blastmotes      Fire/Tloc      0%         2d10      73%         3
 Airstrike                Air            0%         2d(0-16)  98%         4
 Anguish                  Hex/Necr       0%         N/A       98%         4
 Brom's Barrelling Bould  Conj/Erth      0%         2d3       98%         4
 Cause Fear               Hex            0%         N/A       98%         4
 Dimensional Bullseye     Hex/Tloc       0%         N/A       98%         4
 Dispel Undead            Necr           0%         3d6       98%         4
 Flame Wave               Conj/Fire      0%         2d4       98%         4
 Fulminant Prism          Conj/Hex       0%         3d5       98%         4
 Iskenderun's Mystic Bla  Conj/Tloc      0%         2d3       98%         4
 Leda's Liquefaction      Hex/Erth       0%         N/A       98%         4
 Olgreb's Toxic Radiance  Pois           0%         N/A       98%         4
 Passage of Golubria      Tloc           0%         N/A       98%         4
 Petrify                  Tmut/Erth      0%         N/A       98%         4
 Sticky Flame             Conj/Fire      0%         2d3       98%         4
 Vhi's Electric Charge    Tloc/Air       0%         N/A       98%         4
 Agony                    Necr           0%         N/A       100%        5
 Alistair's Intoxication  Tmut/Pois      0%         N/A       100%        5
 Arcjolt                  Conj/Air       0%         1d10      100%        5
 Borgnjor's Vile Clutch   Necr/Erth      0%         N/A       100%        5
 Fireball                 Conj/Fire      0%         3d3       100%        5
 Freezing Cloud           Conj/Ice/Air   0%         6-21      100%        5
 Irradiate                Conj/Tmut      0%         3d11      100%        5
 Metabolic Englaciation   Hex/Ice        0%         N/A       100%        5
 Silence                  Hex/Air        0%         N/A       100%        5
 Yara's Violent Unravell  Hex/Tmut       0%         3d3       100%        5
 Eringya's Noxious Bog    Tmut/Pois      0%         4d6       100%        6
 Plasma Beam              Fire/Air       0%         2x1d10    100%        6
 Starburst                Conj/Fire      0%         6d3       100%        6
 Enfeeble                 Hex            0%         N/A       100%        7
 Ozocubu's Refrigeration  Ice            0%         4d7       100%        7
 Borgnjor's Revivificati  Necr           0%         N/A       100%        8
 Discord                  Hex            0%         N/A       100%        8
 Ignition                 Fire           0%         3d3       100%        8
 Lehudib's Crystal Spear  Conj/Erth      0%         10d2      100%        8
 Maxwell's Capacitive Co  Air            0%         ∞         100%        8
 Summon Small Mammal      Summ           Unusable   N/A       N/A         1
 Call Canine Familiar     Summ           Unusable   N/A       N/A         3
 Tukima's Dance           Hex            Unusable   N/A       N/A         3
 Animate Armour           Summ/Erth      Unusable   N/A       N/A         4
 Summon Lightning Spire   Summ/Air       Unusable   N/A       N/A         4
 Summon Mana Viper        Hex/Summ       Unusable   N/A       N/A         5
 Death Channel            Necr           Unusable   N/A       N/A         6
 Summon Hydra             Summ           Unusable   N/A       N/A         7
 Infestation              Necr           Unusable   N/A       N/A         8

Dungeon Overview and Level Annotations

Branches:
Dungeon (15/15)            Temple (1/1) D:5            Lair (5/5) D:8
  Swamp (4/4) Lair:2       Spider (4/4) Lair:2        Slime (5/5) Lair:5
    Orc (2/2) D:9             Elf (3/3) Orc:2        Vaults (5/5) D:14
  Crypt (3/3) Vaults:3       Tomb (2/3) Crypt:3      Depths (4/4) D:15
   Hell (visited)             Dis (1/7) Hell            Geh (2/7) Hell
    Coc (2/7) Hell            Tar (0/7) Hell            Zot (0/5) Depths:4
 Bailey (visited)         Volcano (visited)

Altars:
Ashenzari
Cheibriados
Dithmenos
Elyvilon
Fedhas
Gozag
Hepliaklqana
Kikubaaqudgha
Makhleb
Nemelex Xobeh
Okawaru
Qazlal
Ru
Sif Muna
Trog
Uskayaw
Vehumet
Wu Jian
Xom
Yredelemnul
Zin
The Shining One
Jiyva
Lugonu

Shops:
D:5 *   D:10 :   D:11 =   Orc:2 [[[[   Elf:2 (   Vaults:1 !   Vaults:2 *[=
Vaults:5 !   Depths:1 *   Depths:3 [

Portals:
Hell: Depths:1 Depths:2 Depths:3 Depths:4
Abyss: Depths:1 Depths:2 Depths:3 Depths:4
Pandemonium: Depths:2 Depths:3
Ziggurat: Depths:2

Annotations:
Lair:5 2 transporters, leebro123's ghost, journeyman OpBr


Innate Abilities, Weirdness & Mutations

You are a tree.
Your roots penetrate the ground, keeping you stationary.
You cannot be teleported.
You are immune to unholy pain and torment.
Your maximum health is greatly increased.
Your equipment is partially melded.
((You have a pair of large horns on your head.))
((You reflexively headbutt those who attack you in melee.))
((You have razor-sharp toenails.))
You are clumsy. (Dex -2)
You are strong-willed. (Will+)
Your spells are a little easier to cast, but a little less powerful.


Message History

The royal mummy hits you!
* * * LOW HITPOINT WARNING * * *
A centaur warrior skeleton comes into view.
You block the red devil's attack.
Aiming: Duel (1% risk of failure)
Press: ? - help, Dir - move target, f - mummy
Aim: a mummy (severely damaged)
The mummy is not worthy to be dueled!
Aiming: Duel (1% risk of failure)
Press: ? - help, Dir - move target, f - mummy, p - mummy
Aim: a mummy The mummy is not worthy to be dueled!
Aiming: Duel (1% risk of failure)
Press: ? - help, Dir - move target, f - mummy priest, p - mummy
Aim: a mummy priest (moderately damaged)
The mummy priest is not worthy to be dueled!
Aiming: Duel (1% risk of failure)
Press: ? - help, Dir - move target, f - mummy priest, p - mummy priest
Aim: a mummy priest The mummy priest is not worthy to be dueled!
As you read the scroll of fog, it dissolves into smoke.
The flying skull disappears in a puff of smoke!
You block the death scarab's attack. x2
The death scarab waves its antennae.
The death scarab bites you.
* * * LOW HITPOINT WARNING * * *
The death scarab drains your vigour!
You feel as though you will be slow longer.
The death scarab waves its antennae.
You block the death scarab's attack. The death scarab bites you.
* * * LOW HITPOINT WARNING * * *
The death scarab drains your vigour!
You feel as though you will be slow longer.
The emperor scorpion stings you!
* * * LOW HITPOINT WARNING * * *
The emperor scorpion claws you but does no damage.
You block the emperor scorpion's attack.
The mummy priest utters an invocation to its god.
The royal mummy hits you!
You die...

.....#...............
.Z..M.M.##9..$...##..
.....3. #MB.....# .
...M(MM##BZBBZ..^.
....MzMBMZMsW...... .


#MBsMWBsZ... .?.##MBM44MWM..# ...BBMBsMsBWZ.## ...BBMs♣BB.B.§.. ###B############
#§§§§# #§§§.# §....+ #^...# #....# ###### You could see 4 royal mummies, 4
emperor scorpions, 2 mummy priests, a flayed ghost (summoned), a phantasmal
warrior (summoned), a guardian mummy, an ushabti, a rust devil (summoned), a
freezing wraith (summoned), a spectral nagaraja (summoned), a wraith (summoned),
8 death scarabs, a red devil (summoned), 4 mummies, a dire elephant simulacrum
(summoned), a two-headed ogre skeleton (summoned), a titan skeleton (summoned)
and a bunyip skeleton.

Vanquished Creatures
  Dissolution (Slime:2)
  the Royal Jelly (Slime:5)
  3 ancient liches
  4 dread liches
  Mennas (Vaults:5)
  3 royal mummies
  Sojobo (Depths:4)
  Bai Suzhen (Swamp:3)
  Saint Roka (Vaults:5)
  Boris (twice) (Vaults:4 Tomb:1)
  Xtahua (Depths:3)
  Geryon (Hell)
  3 golden dragons
  2 profane servitors
  Nikola (Elf:3)
  Arachne (Spider:3)
  3 bone dragons
  Jorgrun (Swamp:2)
  Rupert (D:13)
  11 liches
  A walking earthen tome (Depths:3)
  7 tentacled monstrosities
  2 deep elf master archers (Elf:3)
  2 deep elf blademasters (Elf:3)
  2 quicksilver dragons
  2 titans (Vaults:5)
  2 Executioners
  9 sphinxes
  21 tentacled starspawn
  19 acid blobs
  3 ancient champions
  7 tengu reavers
  17 azure jellies
  Aizul (Swamp:2)
  Donald (Swamp:2)
  5 storm dragons
  Kirke (Spider:3)
  A draconian monk (Abyss:3)
  7 shadow dragons
  10 rockslimes
  A fenstrider witch (Swamp:2)
  Roxanne (Swamp:3)
  A revenant (Abyss:4)
  3 emperor scorpions
  2 draconian scorchers
  A daeva (Abyss:2)
  13 fire giants
  6 ghost moths
  2 iron dragons
  A spectral caustic shrike (D:14)
  12 frost giants
  Louise (Swamp:2)
  A shard shrike simulacrum (Coc:2)
  17 vault wardens
  9 deep elf sorcerers
  3 balrugs
  4 deep elf elementalists (Elf:3)
  3 curse skulls
  3 orc warlords
  2 juggernaut zombies
  A spriggan defender (Depths:4)
  2 war gargoyles
  A draconian annihilator (Depths:4)
  3 broodmothers
  12 quicksilver oozes
  20 ironbound preservers
  4 ghouls
  5 reapers
  18 stone giants
  9 very ugly things
  2 cacodemons (Abyss:2)
  6 ironbound thunderhulks
  An angel (Abyss:5)
  22 vampire knights
  An elemental wellspring (Hell)
  7 formless jellyfish
  8 eleionomae
  3 lorocyprocas
  The ghost of Cuthed the Spear-Bearer, a journeyman OpCK of Hepliaklqana (D:14)
  3 black draconians (Depths:4)
  7 deep elf annihilators
  12 deep elf demonologists (Elf:3)
  A red draconian (Abyss:2)
  A yellow draconian (Depths:4)
  14 dire elephants
  The ghost of stendehmen the Grappler, a journeyman TrSh of Ru (D:12)
  6 bunyips
  An eleionoma (shapeshifter) (Abyss:3)
  A white draconian (Depths:4)
  3 wendigos
  7 spark wasps
  2 iron golems (Hell)
  3 green deaths
  11 jiangshi
  10 deep elf death magi
  9 fire dragons
  7 mummy priests
  3 eidola
  11 yaktaur captains
  18 ettins
  4 deep elf high priests
  8 rakshasas
  9 ice dragons
  30 vault guards
  A shambling mangrove (Swamp:4)
  15 hydras
  7 entropy weavers
  17 great orbs of eyes
  A merfolk avatar (Abyss:5)
  2 hell beasts (Swamp:4)
  3 spriggan skeletons
  3 ghost crabs
  5 jorogumos
  10 boulder beetles
  4 salamander tyrants
  2 spriggan air magi
  15 alligators
  A catoblepas (Lair:2)
  11 centaur warriors
  3 ogre magi
  3 radroaches
  9 ironbound frosthearts
  2 juggernaut simulacra
  2 caustic shrike simulacra
  33 dancing weapons
  A two-headed ogre (shapeshifter) (Depths:1)
  A spectral frost giant (D:14)
  Erica (D:8)
  19 death scarabs
  7 death yaks
  6 deep troll shamans
  5 tengu warriors
  14 two-headed ogres
  A satyr (shapeshifter) (Vaults:5)
  3 death knights
  An Orb Guardian skeleton (Crypt:2)
  10 demonic crawlers
  2 spectral dire elephants (Lair:5)
  25 hell knights
  6 soul eaters
  Urug (D:13)
  10 hell hogs
  3 spriggan berserkers
  2 orc high priests (Orc:2)
  2 titan zombies (Crypt:3)
  5 deep troll earth magi
  5 occultists
  25 thrashing horrors
  12 vampire magi
  Nergalle (Lair:1)
  Sonja (Lair:5)
  7 sun demons
  A fire crab (shapeshifter) (Abyss:5)
  17 deep elf knights
  14 wretched stars
  5 sixfirhies
  A goliath frog (shapeshifter) (Depths:4)
  8 iron trolls
  6 pharaoh ants
  A skyshark (shapeshifter) (Depths:2)
  Amaemon (D:8)
  3 spatial maelstroms (Abyss:2)
  2 spectral death yaks (Lair:5)
  A shadow wraith (Vaults:5)
  34 skeletal warriors
  2 iron giant zombies
  6 swamp dragons
  A quicksilver dragon simulacrum (Coc:1)
  5 spriggan druids
  A spectral anaconda (Lair:5)
  5 goliath frogs
  10 glowing orange brains
  A death drake (Swamp:3)
  4 orb spiders (Spider:4)
  3 flayed ghosts
  66 deep trolls
  14 bog bodies
  6 arcanists
  6 goliath frog zombies (Swamp:3)
  27 phantasmal warriors
  An obsidian statue (Lair:5)
  10 deep elf archers
  4 spectral hydras (Swamp:3)
  17 necromancers
  A fenstrider witch simulacrum (Hell)
  11 lindwurms
  5 harpies (Vaults:1)
  A harpy (shapeshifter) (Abyss:3)
  22 deep elf zephyrmancers
  9 steelbarb worms
  21 ironbound convokers
  A tengu zombie (Depths:3)
  112 starcursed masses
  A mana viper (shapeshifter) (Vaults:5)
  6 orc knights
  30 deep elf pyromancers
  20 ugly things
  2 alligator zombies (Swamp:3)
  A salamander (Abyss:2)
  3 shadow dragon skeletons
  2 iron dragon zombies
  2 manticores
  10 shining eyes
  3 will-o-the-wisps
  A wolf spider (shapeshifter) (Vaults:5)
  7 cyclopes
  8 orc sorcerers
  A frost giant zombie (D:14)
  A fire giant zombie (D:14)
  An alligator skeleton (Crypt:1)
  9 worldbinders
  30 wolf spiders
  3 centaur zombies
  116 slime creatures
  4 toenail golems (Volcano)
  5 moths of wrath
  33 elephants
  9 black mambas
  2 dire elephant zombies (Crypt:3)
  A naga mage (Abyss:2)
  2 stone giant skeletons
  7 eyes of devastation
  27 smoke demons
  3 apocalypse crabs
  25 vault sentinels
  3 naga zombies
  6 torpor snails
  5 orange demons
  A guardian serpent (Abyss:2)
  4 molten gargoyles (Hell)
  7 rust devils
  17 cane toads
  A gargoyle (D:12)
  4 unseen horrors
  59 large abominations
  2 efreet
  A centaur skeleton (Abyss:3)
  A dire elephant skeleton (Crypt:1)
  27 yaktaurs
  8 freezing wraiths
  12 komodo dragons
  4 kobold demonologists
  Jeremiah (D:6)
  3 hellions
  4 bunyip simulacra
  An orb spider zombie (Crypt:3)
  4 rime drakes
  A death yak zombie (Crypt:1)
  2 golden dragon simulacra
  4 swamp worm zombies (Swamp:3)
  An ice devil (Abyss:2)
  19 ancient zymes
  2 tormentors
  A spark wasp simulacrum (Depths:3)
  2 tengu conjurers (D:15)
  A grey draconian skeleton (Crypt:3)
  A red draconian skeleton (Crypt:1)
  An iron troll skeleton (Crypt:2)
  2 anaconda simulacra (Coc:1)
  A minotaur skeleton (Hell)
  3 polar bears
  A silent spectre (Abyss:5)
  An alligator snapping turtle skeleton (Crypt:3)
  A great orb of eyes zombie (Crypt:2)
  A red devil (Abyss:2)
  4 meliai
  18 guardian mummies
  2 harpy zombies
  10 trolls
  A shadow dragon simulacrum (Coc:1)
  11 tyrant leeches
  32 raiju
  A harpy skeleton (Abyss:2)
  34 tarantellas
  A tyrant leech (shapeshifter) (Depths:1)
  Grinder (D:4)
  3 hellwings
  28 blink frogs
  A spectral elephant (Lair:5)
  2 spectral swamp dragons (Swamp:3)
  A blink frog (shapeshifter) (Elf:1)
  5 hornets
  A meliai zombie (D:15)
  A snapping turtle (shapeshifter) (Vaults:5)
  A dream sheep (Lair:3)
  2 stone giant simulacra
  A death drake skeleton (Crypt:3)
  An iron dragon simulacrum (Hell)
  3 glass eyes
  3 flying skulls (Tomb:1)
  37 jumping spiders
  5 air elementals
  A black mamba zombie (Abyss:2)
  6 shadows
  Sigmund (D:4)
  17 culicivoras
  A wyvern (shapeshifter) (D:11)
  5 spriggans
  A satyr skeleton (Crypt:1)
  8 fire bats (Abyss:2)
  3 ushabtiu (Tomb:1)
  8 water elementals
  26 wraiths
  43 yaks
  4 ynoxinuls
  A dire elephant simulacrum (Coc:1)
  3 tyrant leech zombies (Swamp:3)
  9 basilisks
  2 hogs (Spider:3)
  6 humans
  4 vampires
  7 wyverns
  2 fire elementals
  10 chaos spawn
  3 steam dragons
  6 vampire mosquitoes
  59 redbacks
  3 spriggan simulacra
  9 spatial vortices (Abyss:2)
  A glowing shapeshifter zombie (Crypt:2)
  A naga (Abyss:2)
  3 wargs
  2 spectral cane toads (Lair:5)
  9 neqoxecs
  16 swamp worms
  4 harpy simulacra
  2 acid dragons
  A demonspawn zombie (Crypt:1)
  A hydra simulacrum (Hell)
  A fire bat zombie (Crypt:2)
  25 water moccasins
  3 hell hounds (Abyss:2)
  Pargi (D:3)
  28 orc warriors
  A snapping turtle zombie (Crypt:2)
  An elephant zombie (Crypt:3)
  2 fire dragon simulacra (Coc:1)
  3 ice beasts
  A black bear (shapeshifter) (Abyss:3)
  6 ettin simulacra
  A black mamba simulacrum (Hell)
  4 wolves (Lair:2)
  35 small abominations
  19 centaurs
  An elephant skeleton (Lair:5)
  7 ogres
  A phantom (D:5)
  5 kobold brigands
  13 bullfrogs
  An elf skeleton (Crypt:1)
  A cane toad simulacrum (Lair:5)
  5 earth elementals
  A demonspawn simulacrum (Abyss:3)
  2 naga simulacra (Hell)
  6 scorpions
  3 wights (D:8)
  A swamp dragon simulacrum (Hell)
  2 spriggan zombies
  An elephant simulacrum (Lair:5)
  A killer bee (D:11)
  5 howler monkeys
  2 polar bear skeletons
  A crimson imp (Abyss:2)
  23 orc priests
  5 jellies
  2 hounds
  3 iron imps
  A sleepcap (D:7)
  36 orc wizards
  3 iguanas
  Natasha (thrice) (D:2)
  A naga skeleton (Crypt:2)
  15 mummies
  A gnoll (Bailey)
  11 adders
  6 white imps
  15 ufetubi
  A worm (D:3)
  3 dart slugs
  68 orcs
  6 ball pythons
  5 endoplasms
  A giant cockroach (D:2)
  16 goblins
  8 hobgoblins
  2 jackals (D:1)
  36 kobolds
  2 quokkas
  6 bats
  3 frilled lizards
  2 giant cockroach zombies
  A jackal skeleton (Crypt:3)
  A kobold zombie (Crypt:1)
  2 rats
  2 creeping infernos
  A fire vortex (Geh:2)
  2 lurking horrors
  26 starspawn tentacles
2950 creatures vanquished.

Vanquished Creatures (others)
  A lich (Abyss:5)
  A large abomination (Abyss:3)
  A deep elf pyromancer (Elf:1)
  A kobold demonologist (Abyss:2)
  A spectral glowing shapeshifter (D:14)
  A bloated husk (Swamp:4)
  A raiju (Abyss:2)
  A water elemental (Abyss:3)
  2 small abominations (Abyss:2)
  A white imp (Abyss:2)
  10 foxfires (Swamp:4)
  2 lurking horrors (Abyss:2)
  15 starspawn tentacles
38 creatures vanquished.

Grand Total: 2988 creatures vanquished

Notes
Turn   | Place    | Note
-------+----------+-------------------------------------------
     0 | D:1      | BinkBink the Minotaur Fighter began the quest for the Orb.
     0 | D:1      | Reached XP level 1. HP: 19/19 MP: 0/0
   356 | D:1      | Reached XP level 2. HP: 27/27 MP: 1/1
   836 | D:2      | Noticed Natasha
   844 | D:2      | Killed Natasha
   845 | D:2      | Reached skill level 1 in Throwing
   845 | D:2      | Reached XP level 3. HP: 6/33 MP: 2/2
  1096 | D:2      | Noticed Natasha
  1107 | D:2      | Killed Natasha
  1108 | D:2      | Reached XP level 4. HP: 26/40 MP: 3/3
  1214 | D:2      | Found a faded altar of an unknown god.
  1438 | D:2      | Noticed Natasha
  1446 | D:2      | Killed Natasha
  1638 | D:3      | Noticed Pargi
  1646 | D:3      | Killed Pargi
  1647 | D:3      | Reached XP level 5. HP: 34/47 MP: 4/4
  1844 | D:3      | Found a white marble altar of Elyvilon.
  1893 | D:4      | Reached XP level 6. HP: 54/55 MP: 5/5
  1933 | D:4      | Noticed Sigmund
  1949 | D:4      | Killed Sigmund
  1950 | D:4      | Reached skill level 5 in Fighting
  1950 | D:4      | Reached skill level 5 in Armour
  1950 | D:4      | Reached skill level 5 in Shields
  2074 | D:4      | Noticed Grinder
  2096 | D:4      | Paralysed by Grinder for 4 turns
  2106 | D:4      | Killed Grinder
  2107 | D:4      | Reached XP level 7. HP: 61/61 MP: 6/6
  2245 | D:4      | Reached skill level 5 in Axes
  2485 | D:5      | Entered Level 5 of the Dungeon
  2539 | D:5      | Found a staircase to the Ecumenical Temple.
  2551 | Temple   | Entered the Ecumenical Temple
  2570 | Temple   | Became a worshipper of Warmaster Okawaru
  2625 | D:5      | Found Sira Lai's Lightly-Used Armoury.
  2761 | D:5      | Identified the ring "Fuynyas" {rF+ rC+}
  2954 | D:5      | Reached XP level 8. HP: 61/70 MP: 7/7
  3198 | D:5      | Reached * piety under Okawaru
  3252 | D:5      | Found an ancient bone altar of Kikubaaqudgha.
  3254 | D:5      | Found a blossoming altar of Fedhas.
  3310 | D:5      | Identified the +0 chain mail of Ugaa {rN+ Will+ Dex-5 SInv}
  3837 | D:6      | Noticed Jeremiah
  3893 | D:6      | Killed Jeremiah
  3893 | D:6      | Reached ** piety under Okawaru
  3894 | D:6      | Reached skill level 5 in Throwing
  3894 | D:6      | Reached XP level 9. HP: 56/79 MP: 8/8
  4314 | D:6      | Found a radiant altar of Vehumet.
  4716 | D:6      | Identified a scroll of acquirement
  5038 | D:7      | Reached *** piety under Okawaru
  5067 | D:7      | You fall into a shaft and drop 3 floors!
  5067 | D:10     | Entered Level 10 of the Dungeon
  5435 | D:10     | Noticed a two-headed ogre
  5447 | D:10     | Killed a two-headed ogre
  5717 | D:10     | Found Daethryt's Book Shop.
  5740 | D:10     | Noticed a troll
  5748 | D:10     | Killed a troll
  5956 | D:10     | Reached XP level 10. HP: 87/90 MP: 9/9
  6101 | D:10     | Reached **** piety under Okawaru
  6246 | D:9      | Found a staircase to the Orcish Mines.
  6402 | D:9      | Found a flagged portal.
  6403 | D:9      | Identified the +0 buckler of Toothy Liberty {rPois rCorr
                  | Str+2 Int-4}
  6420 | Bailey   | Entered a bailey
  6474 | Bailey   | Noticed an orc warlord
  6719 | Bailey   | Found a runed translucent gate.
  6720 | Bailey   | Found a runed translucent gate.
  6751 | Bailey   | Found a runed translucent gate.
  7032 | Bailey   | Killed an orc warlord
  7032 | Bailey   | Reached ***** piety under Okawaru
  7419 | D:8      | Noticed Erica
  7422 | D:8      | Received a gift from Okawaru
  7431 | D:8      | Killed Erica
  7605 | D:8      | Reached XP level 11. HP: 95/99 MP: 10/10
  7721 | D:8      | Reached skill level 10 in Shields
  7721 | D:8      | Noticed Amaemon
  7727 | D:8      | Reached skill level 10 in Armour
  7737 | D:8      | Reached skill level 10 in Fighting
  7747 | D:8      | Killed Amaemon
  7748 | D:8      | Gained mutation: You expend magic power (3 MP) to
                  | strengthen your wands. [potion of mutation]
  7748 | D:8      | Gained mutation: Your muscles are strong. (Str +4, Int/Dex
                  | -1) [potion of mutation]
  7751 | D:8      | HP: 6/148 [orange demon[Amaemon] (3)]
  7753 | D:8      | HP: 1/148 [yak (9)]
  7758 | D:8      | Reached XP level 12. HP: 33/106 MP: 11/11
  7838 | D:8      | Found a staircase to the Lair.
  7994 | D:8      | Reached skill level 10 in Axes
  8164 | D:8      | Acquired the +9 broad axe of Ukha {speed, rC+ Stlth+}
  8636 | D:9      | Found a bloodstained altar of Trog.
  9011 | D:11     | Identified the +4 short sword of Prudence {holy, Int+4}
  9046 | D:11     | Noticed a two-headed ogre
  9051 | D:11     | Killed a two-headed ogre
  9051 | D:11     | Received a gift from Okawaru
  9673 | D:11     | Found Muloplac's One-of-a-Kind Rings.
  9717 | D:11     | Noticed a two-headed ogre
  9727 | D:11     | Killed a two-headed ogre
  9816 | D:11     | Noticed a fire dragon
  9830 | D:11     | Killed a fire dragon
  9899 | D:11     | Noticed a two-headed ogre
  9906 | D:11     | Killed a two-headed ogre
 10165 | D:11     | Identified the +6 chain mail of Cheibriados's Regard {Will-
                  | MP-9 Int+8 Dex+4}
 10256 | D:11     | Found a portal to a secret trove of treasure.
 10350 | D:11     | Received a gift from Okawaru
 10652 | Lair:1   | Entered Level 1 of the Lair of Beasts
 10703 | Lair:1   | Found a dark tunnel.
 10721 | Volcano  | Entered a volcano
 10799 | Volcano  | Reached XP level 13. HP: 98/116 MP: 12/12
 11055 | Abyss:2  | Cast into level 2 of the Abyss (an occultist)
 11194 | Abyss:2  | Reached ****** piety under Okawaru
 11194 | Abyss:2  | Received a gift from Okawaru
 11198 | Abyss:2  | Noticed an Executioner
 11201 | Abyss:2  | Noticed a tentacled starspawn
 11205 | Abyss:2  | Killed an Executioner
 11216 | Abyss:2  | Killed a tentacled starspawn
 11303 | Abyss:2  | Noticed a starcursed mass
 11321 | Abyss:2  | Paralysed by accursed screaming for 1 turns
 11414 | Abyss:2  | Noticed a black draconian
 11425 | Abyss:2  | Acquired the +15 Maxwell's patent armour {-Cast -Tele rElec
                  | Will+ rCorr}
 11425 | Abyss:2  | Received a gift from Okawaru
 11425 | Abyss:2  | Found the +15 Maxwell's patent armour {-Cast -Tele rElec
                  | Will+ rCorr}
 11481 | Abyss:2  | Received a gift from Okawaru
 11587 | Abyss:2  | Noticed a daeva
 11612 | Abyss:2  | HP: 2/118 [daeva/divine providence (12)]
 11613 | Abyss:2  | Killed a daeva
 11732 | Volcano  | Escaped the Abyss
 12054 | Lair:1   | Received a gift from Okawaru
 12491 | Lair:1   | Acquired the +0 lajatang "Ysojyox" {freeze, rPois rF+++ rC+
                  | Str-3}
 12491 | Lair:1   | Received a gift from Okawaru
 12523 | Lair:2   | Noticed Nergalle
 12525 | Lair:1   | Acquired the ring "Omnih" {Fire rN+ Will+ Str+3 Int+2}
 12691 | Lair:1   | Killed Nergalle
 12879 | Lair:2   | Reached XP level 14. HP: 98/127 MP: 13/13
 12927 | Lair:2   | Received a gift from Okawaru
 13040 | Lair:2   | Found a hole to the Spider Nest.
 13143 | Lair:2   | Found a glowing golden altar of the Shining One.
 13555 | Lair:2   | Found a staircase to the Swamp.
 13758 | Lair:3   | Identified the "Moniys"
 13848 | Lair:3   | Reached skill level 1 in Invocations
 14137 | Lair:3   | Received a gift from Okawaru
 15316 | Lair:4   | Received a gift from Okawaru
 15420 | Lair:5   | Identified the of Vaghean
 15420 | Lair:5   | Identified the "Tayxayx"
 15420 | Lair:5   | Entered Level 5 of the Lair of Beasts
 15487 | Lair:5   | Noticed Sonja
 15498 | Lair:5   | Killed Sonja
 15602 | Lair:5   | Found a transporter.
 15616 | Lair:5   | Noticed leebro123's ghost (journeyman OpBr)
 15788 | Lair:5   | Found a transporter.
 15804 | Lair:5   | Reached XP level 15. HP: 127/137 MP: 17/17
 15804 | Lair:5   | Received a gift from Okawaru
 15900 | Lair:5   | Found a staircase to the Slime Pits.
 15901 | Lair:5   | Found a viscous altar of Jiyva.
 15942 | Lair:5   | Found a glowing golden altar of the Shining One.
 16483 | Lair:5   | Received a gift from Okawaru
 16501 | Lair:5   | Reached skill level 5 in Invocations
 16968 | Orc:1    | Entered Level 1 of the Orcish Mines
 17373 | Orc:2    | Entered Level 2 of the Orcish Mines
 17571 | Orc:2    | Found a staircase to the Elven Halls.
 17583 | Orc:2    | Received a gift from Okawaru
 18837 | Orc:2    | Found Rowiut's Antique Armour Shop.
 18837 | Orc:2    | Found Agudiysh's Antique Armour Shop.
 18840 | Orc:2    | Found Soexkel's Armour Boutique.
 18840 | Orc:2    | Found Mokeoch's Antique Armour Boutique.
 19106 | Orc:2    | Bought a glowing cloak for 142 gold pieces
 19119 | Orc:2    | Bought a +2 hat for 224 gold pieces
 19508 | D:12     | Found a transporter.
 19508 | D:12     | Noticed stendehmen's ghost (journeyman TrSh)
 19623 | D:12     | Found a transporter.
 19675 | D:12     | Received a gift from Okawaru
 20691 | D:13     | Found a transporter.
 20694 | D:13     | Found a transporter.
 20755 | D:13     | Reached skill level 15 in Armour
 20779 | D:13     | Found a transporter.
 20783 | D:13     | Found a transporter.
 20804 | D:13     | Reached skill level 15 in Fighting
 20818 | D:13     | Noticed Urug
 20819 | D:13     | Noticed Rupert
 20833 | D:13     | Killed Urug
 20834 | D:13     | Reached XP level 16. HP: 124/149 MP: 17/19
 20834 | D:13     | Killed Rupert
 20834 | D:13     | Received a gift from Okawaru
 20835 | D:13     | Reached skill level 15 in Throwing
 20926 | D:13     | Found a transporter.
 20927 | D:13     | Found a transporter.
 20967 | D:13     | Reached skill level 15 in Shields
 21155 | D:14     | Found a runed translucent gate.
 21155 | D:14     | Found a runed translucent gate.
 21421 | D:14     | Found a runed translucent gate.
 21425 | D:14     | Noticed Cuthed's ghost (journeyman OpCK)
 21593 | D:14     | Found a shimmering blue altar of Sif Muna.
 21611 | D:14     | Identified the +5 dagger of World's End {freeze, rC++ Will-
                  | Int+5}
 21927 | D:14     | Found a gate to the Vaults.
 22004 | D:14     | Reached skill level 15 in Axes
 22112 | D:15     | Entered Level 15 of the Dungeon
 22393 | D:15     | Received a gift from Okawaru
 22634 | D:15     | Found a white marble altar of Elyvilon.
 22707 | D:15     | Identified the +6 quarterstaff of Anged {protect, rF+ rC+}
 22857 | D:15     | Found a staircase to the Depths.
 23254 | Spider:1 | Entered Level 1 of the Spider Nest
 23909 | Spider:1 | Received a gift from Okawaru
 24848 | D:12     | Killed stendehmen's ghost
 25047 | D:14     | Received a gift from Okawaru
 25128 | D:14     | Killed Cuthed's ghost
 25374 | Swamp:1  | Entered Level 1 of the Swamp
 25409 | Swamp:1  | Reached XP level 17. HP: 85/158 MP: 22/22
 25820 | Swamp:1  | Received a gift from Okawaru
 26906 | Swamp:2  | Noticed Jorgrun
 26976 | Swamp:2  | Killed Jorgrun
 27354 | Swamp:2  | Identified the serpent talisman of the Moon Troll {rElec}
 27354 | Swamp:2  | Noticed Aizul
 27373 | Swamp:2  | Killed Aizul
 28201 | Swamp:2  | Paralysed by a fenstrider witch for 5 turns
 28416 | Swamp:3  | Noticed Roxanne
 28556 | Swamp:3  | Noticed Donald
 28571 | Swamp:2  | Killed Donald
 28719 | Swamp:3  | Noticed Bai Suzhen
 28768 | Swamp:3  | Killed Bai Suzhen
 28768 | Swamp:3  | Received a gift from Okawaru
 28770 | Swamp:3  | Killed Roxanne
 28779 | Swamp:3  | Noticed Louise
 28801 | Swamp:2  | Killed Louise
 29935 | Swamp:3  | Received a gift from Okawaru
 30370 | Swamp:4  | Entered Level 4 of the Swamp
 30899 | Swamp:4  | Reached XP level 18. HP: 169/169 MP: 24/24
 30933 | Swamp:4  | Received a gift from Okawaru
 32697 | Swamp:4  | Got a decaying rune of Zot
 33125 | Vaults:5 | Identified the "Yloon"
 33125 | Crypt:3  | Identified the "Cereinit"
 33125 | Depths:3 | Identified the "Iteax"
 33125 | Elf:1    | Entered Level 1 of the Elven Halls
 33145 | Elf:1    | Received a gift from Okawaru
 33150 | Elf:1    | Reached skill level 10 in Invocations
 33906 | Elf:1    | Received a gift from Okawaru
 34340 | Elf:2    | Paralysed by an air elemental for 1 turns
 34459 | Elf:2    | Found Qejojeil's Weapon Emporium.
 34536 | Elf:2    | Received a gift from Okawaru
 34549 | Elf:2    | Found a runed translucent gate.
 34550 | Elf:2    | Found a runed translucent gate.
 34550 | Elf:2    | Found a runed translucent gate.
 36054 | Elf:2    | Received a gift from Okawaru
 36108 | Elf:2    | Reached XP level 19. HP: 179/179 MP: 26/26
 36336 | Elf:3    | Entered Level 3 of the Elven Halls
 37121 | Elf:3    | Noticed a Tzitzimitl
 37122 | Elf:3    | Received a gift from Okawaru
 37152 | Elf:3    | Noticed a Brimstone Fiend
 37185 | Elf:3    | Noticed a Brimstone Fiend
 37332 | Elf:3    | Identified the +2 robe "Laluis" {Rampage rElec Str+3}
 38233 | Elf:3    | Received a gift from Okawaru
 39208 | Elf:3    | Noticed Nikola
 39216 | Elf:3    | Identified the ring of Togoj {rN+ Str+3 Int+3 Slay-2 SInv}
 39223 | Elf:3    | Killed Nikola
 39233 | Elf:3    | Identified the +5 orcbow "Thing" {heavy, rPois rF+ Str+3}
 39407 | Elf:3    | Identified the +1 ring mail "Vipleuse" {rPois rC+}
 39415 | Elf:3    | Identified the +8 dagger "Weepsoim" {heavy, +Blink rElec
                  | rPois Will+}
 39786 | Elf:3    | Found a radiant altar of Vehumet.
 39892 | Elf:3    | Paralysed by an air elemental for 1 turns
 39898 | Elf:3    | Paralysed by an air elemental for 1 turns
 39958 | Elf:3    | Found an ancient bone altar of Kikubaaqudgha.
 40673 | Spider:2 | Received a gift from Okawaru
 43230 | Spider:3 | Noticed Kirke
 43237 | Spider:3 | Killed Kirke
 43237 | Spider:3 | Received a gift from Okawaru
 43370 | Spider:3 | Reached XP level 20. HP: 189/189 MP: 27/27
 43813 | Spider:3 | Identified the +1 pair of gloves of the Barnacle {-Tele
                  | Int+4 SInv}
 43921 | Spider:4 | Entered Level 4 of the Spider Nest
 44295 | Spider:4 | Noticed Arachne
 44310 | Spider:3 | Killed Arachne
 46279 | Spider:4 | Received a gift from Okawaru
 47279 | Spider:4 | Got a gossamer rune of Zot
 47830 | Vaults:1 | Entered Level 1 of the Vaults
 47830 | Vaults:1 | Found Vuphany's Distillery.
 47834 | Vaults:1 | Bought a potion of heal wounds for 105 gold pieces
 47834 | Vaults:1 | Bought a potion of cancellation for 168 gold pieces
 47834 | Vaults:1 | Bought a potion of curing for 63 gold pieces
 47834 | Vaults:1 | Bought 2 potions of heal wounds for 210 gold pieces
 47941 | Vaults:1 | Received a gift from Okawaru
 48951 | Vaults:2 | Found Donaw's Jewellery Shoppe.
 49019 | Vaults:2 | Received a gift from Okawaru
 49193 | Vaults:2 | Found Xioguhikun's Assorted Antiques.
 49202 | Vaults:2 | Reached XP level 21. HP: 197/200 MP: 29/29
 49249 | Vaults:2 | Found Xoyx's Antique Armour Shoppe.
 49258 | Vaults:2 | Bought a pair of embroidered boots for 322 gold pieces
 49405 | Vaults:2 | Received a gift from Okawaru
 50285 | Vaults:3 | Received a gift from Okawaru
 50601 | Vaults:3 | Paralysed by a formless jellyfish for 1 turns
 50637 | Vaults:3 | Received a gift from Okawaru
 50723 | Vaults:3 | Identified the amulet "Xuahitai" {Acrobat Int+3}
 50824 | Vaults:3 | Found a staircase to the Crypt.
 50824 | Vaults:3 | Found an ancient bone altar of Kikubaaqudgha.
 50825 | Vaults:3 | Found a basalt altar of Yredelemnul.
 52166 | Vaults:4 | Received a gift from Okawaru
 52185 | Vaults:4 | Reached XP level 22. HP: 168/211 MP: 31/31
 52960 | Vaults:4 | Acquired 1002 gold pieces
 52992 | Vaults:5 | Entered Level 5 of the Vaults
 53022 | Vaults:5 | Noticed Boris
 53023 | Vaults:5 | Reached skill level 1 in Dodging
 53036 | Vaults:4 | Received a gift from Okawaru
 53271 | Depths:1 | Entered Level 1 of the Depths
 53363 | Depths:1 | Found a gateway to Hell.
 53674 | Depths:1 | Found a one-way gate to the infinite horrors of the Abyss.
 53844 | Depths:1 | Received a gift from Okawaru
 53934 | Depths:1 | Found the +3 salamander hide armour {Flames, rFlCloud rF++
                  | rC--}
 54493 | Depths:1 | Found Icesull's General Store.
 54655 | Depths:1 | Acquired 684 gold pieces
 55497 | D:11     | You paid a toll of +4 shadow dragon scales to enter a
                  | treasure trove
 55498 | Trove    | Entered a treasure trove
 55518 | Trove    | Identified the amulet of the Death Scarab {Acrobat rF+
                  | Str+2}
 55538 | Trove    | Found the +9 scales of the Dragon King {rPois rF+ rC+
                  | Will+}
 55621 | D:11     | Reached XP level 23. HP: 220/220 MP: 32/32
 55990 | Depths:2 | Found a one-way gate leading to the halls of Pandemonium.
 56066 | Depths:2 | Found a one-way gateway to a ziggurat.
 56749 | Depths:2 | Received a gift from Okawaru
 57017 | Depths:3 | Found Veiwoit's Antique Armour Shoppe.
 57058 | Depths:3 | Bought an ancient scarf for 300 gold pieces
 57058 | Depths:3 | Identified the scarf of Reatide {repulsion, rElec rF+ Int-2
                  | Slay+2} (You bought it in a shop on level 3 of the Depths)
 57110 | Depths:3 | Noticed Xtahua
 57130 | Depths:3 | Killed Xtahua
 57240 | Depths:3 | Received a gift from Okawaru
 57339 | Depths:3 | You are sucked into a shaft and drop 1 floor!
 57339 | Depths:4 | Entered Level 4 of the Depths
 57444 | Depths:4 | Found a broken altar of Ashenzari.
 57506 | Depths:4 | Noticed Sojobo
 57538 | Depths:4 | Paralysed by an air elemental for 1 turns
 57545 | Depths:4 | Paralysed by an air elemental for 1 turns
 57555 | Depths:4 | Paralysed by an air elemental for 1 turns
 57562 | Depths:4 | Paralysed by an air elemental for 1 turns
 57963 | Depths:3 | Reached XP level 24. HP: 216/228 MP: 33/33
 58314 | Depths:4 | Received a gift from Okawaru
 58445 | Depths:4 | Killed Sojobo
 58790 | Depths:4 | Found a corrupted altar of Lugonu.
 58851 | Depths:4 | Reached skill level 15 in Invocations
 58977 | Depths:4 | Found a gate to the Realm of Zot.
 59455 | Slime:1  | Entered Level 1 of the Pits of Slime
 59945 | Slime:1  | Received a gift from Okawaru
 60401 | Slime:2  | Noticed Dissolution
 60412 | Slime:2  | Killed Dissolution
 60754 | Slime:2  | Gained mutation: Armour fits poorly on your strangely
                  | shaped body. [a shining eye]
 60778 | Slime:2  | Received a gift from Okawaru
 61200 | Slime:1  | Paralysed by a formless jellyfish for 1 turns
 62712 | Slime:5  | Entered Level 5 of the Pits of Slime
 63043 | Slime:5  | Noticed the Royal Jelly
 64249 | Slime:5  | Received a gift from Okawaru
 64256 | Slime:5  | Paralysed by a formless jellyfish for 1 turns
 64287 | Slime:5  | Paralysed by a formless jellyfish for 1 turns
 64990 | Slime:5  | Lost mutation: Your muscles are strong. (Str +4, Int/Dex
                  | -1) [a shining eye]
 65280 | Slime:5  | Killed the Royal Jelly
 65474 | Slime:5  | Identified the +0 cloak "Duahou" {+Inv rN++ Int-2 SInv}
 65498 | Slime:5  | Identified the ring of Circularity {Fly Dex+4}
 65507 | Slime:5  | Identified the staff "Concordance" {rC+ Dex+3 Ice}
 65512 | Slime:5  | Got a slimy rune of Zot
 65532 | Slime:5  | Identified the amulet of Ackeohua {Faith rPois Int-2 Dex+4
                  | SInv}
 66389 | Vaults:4 | Reached XP level 25. HP: 203/238 MP: 33/33
 66452 | Vaults:4 | Killed Boris
 66517 | Vaults:4 | Lost mutation: Armour fits poorly on your strangely shaped
                  | body. [potion of mutation]
 66517 | Vaults:4 | Lost mutation: You expend magic power (3 MP) to strengthen
                  | your wands. [potion of mutation]
 66517 | Vaults:4 | Gained mutation: You occasionally lose the ability to read
                  | scrolls when taking damage. [potion of mutation]
 66517 | Vaults:4 | Gained mutation: Your mind is acute. (Int +4, Str/Dex -1)
                  | [potion of mutation]
 66518 | Vaults:4 | Lost mutation: You occasionally lose the ability to read
                  | scrolls when taking damage. [potion of mutation]
 66518 | Vaults:4 | Lost mutation: Your mind is acute. (Int +4, Str/Dex -1)
                  | [potion of mutation]
 66518 | Vaults:4 | Gained mutation: Your mind is acute. (Int +4, Str/Dex -1)
                  | [potion of mutation]
 66518 | Vaults:4 | Gained mutation: You are clumsy. (Dex -2) [potion of
                  | mutation]
 66519 | Vaults:4 | Lost mutation: You are clumsy. (Dex -2) [potion of
                  | mutation]
 66519 | Vaults:4 | Lost mutation: Your mind is acute. (Int +4, Str/Dex -1)
                  | [potion of mutation]
 66519 | Vaults:4 | Gained mutation: Your skin changes colour to match your
                  | surroundings (Stealth+). [potion of mutation]
 66519 | Vaults:4 | Gained mutation: You sometimes lose your temper in combat.
                  | [potion of mutation]
 66519 | Vaults:4 | Gained mutation: Your natural rate of healing is unusually
                  | fast. [potion of mutation]
 66520 | Vaults:4 | Lost mutation: Your natural rate of healing is unusually
                  | fast. [potion of mutation]
 66520 | Vaults:4 | Lost mutation: Your skin changes colour to match your
                  | surroundings (Stealth+). [potion of mutation]
 66520 | Vaults:4 | Lost mutation: You sometimes lose your temper in combat.
                  | [potion of mutation]
 66520 | Vaults:4 | Gained mutation: Your mind is acute. (Int +4, Str/Dex -1)
                  | [potion of mutation]
 66555 | Vaults:5 | Reached skill level 10 in Dodging
 66589 | Vaults:5 | Noticed an ancient lich
 66602 | Vaults:5 | Killed an ancient lich
 66602 | Vaults:5 | Received a gift from Okawaru
 66631 | Vaults:5 | Noticed a dread lich
 66646 | Vaults:5 | Killed a dread lich
 66866 | Vaults:5 | Noticed a dread lich
 66896 | Vaults:5 | Killed a dread lich
 66896 | Vaults:5 | Received a gift from Okawaru
 67157 | Vaults:5 | Identified the ring "Anudghar" {Str+3 SInv}
 67271 | Vaults:5 | Identified the amulet of Wu Jian's Delight {Reflect rC+ rN+
                  | SH+5}
 67271 | Vaults:5 | Noticed Mennas
 67355 | Vaults:5 | Killed Mennas
 67655 | Vaults:5 | Found Izuomp's Distillery.
 67659 | Vaults:5 | Identified the +7 morningstar "Fureq" {antimagic, rElec
                  | rPois Str+5}
 67660 | Vaults:5 | Identified the staff "Kosmidgh" {rF+ Will+ Str+4 Int+3
                  | Fire}
 67753 | Vaults:5 | Noticed Saint Roka
 67774 | Vaults:5 | Killed Saint Roka
 67774 | Vaults:5 | Received a gift from Okawaru
 67813 | Vaults:5 | Noticed an ancient lich
 67826 | Vaults:5 | Killed an ancient lich
 68017 | Vaults:5 | Bought a potion of haste for 190 gold pieces
 68017 | Vaults:5 | Bought a potion of heal wounds for 95 gold pieces
 68017 | Vaults:5 | Bought a potion of might for 76 gold pieces
 68017 | Vaults:5 | Bought 2 potions of might for 152 gold pieces
 68017 | Vaults:5 | Bought a potion of curing for 57 gold pieces
 68017 | Vaults:5 | Bought a potion of might for 76 gold pieces
 68190 | Vaults:5 | Got a silver rune of Zot
 68862 | Vaults:5 | Acquired 940 gold pieces
 69219 | Orc:2    | Bought a fine plate armour for 532 gold pieces
 69219 | Orc:2    | Identified the +11 plate armour "Ohafetath" {rElec MP-9
                  | Int+9 Stlth+} (You bought it in a shop on level 2 of the
                  | Orcish Mines)
 69225 | Orc:2    | Bought a shimmering plate armour for 616 gold pieces
 69225 | Orc:2    | Identified the +6 plate armour of the Slug {rPois rF+} (You
                  | bought it in a shop on level 2 of the Orcish Mines)
 69544 | Crypt:1  | Entered Level 1 of the Crypt
 70131 | Crypt:1  | Received a gift from Okawaru
 71607 | Crypt:1  | You are sucked into a shaft and drop 1 floor!
 71929 | Crypt:2  | Reached XP level 26. HP: 193/251 MP: 5/33
 72901 | Crypt:3  | Entered Level 3 of the Crypt
 73269 | Crypt:3  | Found a staircase to the Tomb.
 73840 | Crypt:3  | Received a gift from Okawaru
 74065 | Crypt:3  | Identified the +4 shortbow "Doet" {antimagic, Int+7}
 74067 | Crypt:3  | Identified the +4 ring mail of Music {rC+ rCorr}
 74442 | Crypt:3  | Found a basalt altar of Yredelemnul.
 74932 | Crypt:3  | Identified the +5 short sword of Misery {flame, Int+4}
 75143 | Tomb:1   | Entered Level 1 of the Tomb of the Ancients
 75223 | Tomb:1   | Noticed Boris
 75232 | Tomb:1   | Killed Boris
 76146 | Hell     | Entered the Vestibule of Hell
 76146 | Hell     | Noticed Geryon
 76270 | Depths:1 | Received a gift from Okawaru
 77136 | Hell     | Killed Geryon
 77488 | Hell     | Found a gateway to the ashen valley of Gehenna.
 77813 | Hell     | Found a gateway to the decaying netherworld of Tartarus.
 77930 | Hell     | Found a gateway to the freezing wastes of Cocytus.
 77965 | Hell     | Paralysed by a wendigo for 1 turns
 78254 | Hell     | Received a gift from Okawaru
 78489 | Hell     | Found a gateway to the Iron City of Dis.
 78719 | Tomb:3   | Identified the of Jorine
 78719 | Coc:1    | Entered Level 1 of Cocytus
 78973 | Coc:1    | Paralysed by a wendigo for 1 turns
 79720 | Coc:7    | Identified the "Lor Zirr"
 79720 | Geh:1    | Entered Level 1 of Gehenna
 80662 | Dis:1    | Entered Level 1 of the Iron City of Dis
 80886 | Depths:1 | Voluntarily entered the Abyss.
 80923 | Abyss:2  | Gained mutation: You are weak. (Str -2) [a cacodemon]
 80925 | Abyss:2  | Gained mutation: You have very sharp teeth. [a cacodemon]
 81485 | Depths:1 | Escaped the Abyss
 81737 | Depths:1 | Voluntarily entered the Abyss.
 81755 | Abyss:2  | Found a corrupted altar of Lugonu.
 81771 | Abyss:2  | Noticed a dread lich
 81777 | Abyss:2  | Killed a dread lich
 81777 | Abyss:2  | Received a gift from Okawaru
 81778 | Abyss:2  | Reached XP level 27. HP: 208/238 MP: 26/33
 82084 | Abyss:2  | Found a corrupted altar of Lugonu.
 82088 | Abyss:2  | Gained mutation: Your body sometimes deteriorates upon
                  | taking damage. [a neqoxec]
 82096 | Abyss:2  | Lost mutation: Your mind is acute. (Int +4, Str/Dex -1) [a
                  | neqoxec]
 82550 | Abyss:2  | Gained mutation: You are clumsy. (Dex -2) [a cacodemon]
 82560 | Abyss:2  | Paralysed by accursed screaming for 1 turns
 82592 | Depths:1 | Escaped the Abyss
 82711 | Depths:1 | Voluntarily entered the Abyss.
 82963 | Abyss:2  | Received a gift from Okawaru
 83120 | Abyss:2  | Paralysed by accursed screaming for 1 turns
 83190 | Depths:1 | Escaped the Abyss
 83316 | Depths:1 | Voluntarily entered the Abyss.
 83827 | Abyss:2  | Noticed a dread lich
 83847 | Abyss:2  | Killed a dread lich
 83862 | Depths:1 | Escaped the Abyss
 84019 | Depths:1 | Voluntarily entered the Abyss.
 84027 | Abyss:3  | Found a corrupted altar of Lugonu.
 84081 | Abyss:3  | Found a corrupted altar of Lugonu.
 84251 | Abyss:3  | Gained mutation: Your body often deteriorates upon taking
                  | damage. [a neqoxec]
 84502 | Abyss:3  | Paralysed by accursed screaming for 1 turns
 84681 | Abyss:3  | Found a corrupted altar of Lugonu.
 84740 | Abyss:3  | Paralysed by you for 2 turns
 85193 | Depths:1 | Escaped the Abyss
 85358 | Depths:1 | Voluntarily entered the Abyss.
 85394 | Abyss:4  | Gained mutation: Your spells are a little easier to cast,
                  | but a little less powerful. [a neqoxec]
 85423 | Abyss:5  | Found a corrupted altar of Lugonu.
 85463 | Abyss:5  | Received a gift from Okawaru
 85544 | Abyss:5  | Noticed an ancient lich
 85547 | Abyss:5  | Killed an ancient lich
 85678 | Abyss:5  | Gained mutation: You occasionally lose the ability to drink
                  | potions when taking damage. [a shining eye]
 85840 | Abyss:5  | Found a corrupted altar of Lugonu.
 85874 | Abyss:5  | Received a gift from Okawaru
 85914 | Depths:1 | Escaped the Abyss
 86371 | Vaults:5 | Bought a potion of mutation for 152 gold pieces
 86662 | Depths:1 | Voluntarily entered the Abyss.
 86749 | Abyss:5  | Found a corrupted altar of Lugonu.
 86752 | Abyss:5  | Reached skill level 15 in Dodging
 86791 | Abyss:5  | Got an abyssal rune of Zot
 86933 | Abyss:5  | Found a corrupted altar of Lugonu.
 87153 | Depths:1 | Escaped the Abyss
 87198 | Depths:1 | Lost mutation: You occasionally lose the ability to drink
                  | potions when taking damage. [potion of mutation]
 87198 | Depths:1 | Lost mutation: You have very sharp teeth. [potion of
                  | mutation]
 87198 | Depths:1 | Gained mutation: Your system is resistant to poisons.
                  | (rPois) [potion of mutation]
 87198 | Depths:1 | Gained mutation: You passively map a small area around you.
                  | [potion of mutation]
 87198 | Depths:1 | Gained mutation: You expend magic power (3 MP) to
                  | strengthen your wands. [potion of mutation]
 87199 | Depths:1 | Lost mutation: Your system is resistant to poisons. (rPois)
                  | [potion of mutation]
 87199 | Depths:1 | Lost mutation: You are weak. (Str -2) [potion of mutation]
 87200 | Depths:1 | Lost mutation: You passively map a small area around you.
                  | [potion of mutation]
 87200 | Depths:1 | Lost mutation: You expend magic power (3 MP) to strengthen
                  | your wands. [potion of mutation]
 87200 | Depths:1 | Gained mutation: You possess an exceptional clarity of
                  | mind. [potion of mutation]
 87200 | Depths:1 | Gained mutation: You are vulnerable to cold. (rC-) [potion
                  | of mutation]
 87200 | Depths:1 | Gained mutation: You are weak. (Str -2) [potion of
                  | mutation]
 87200 | Depths:1 | Gained mutation: Your system is resistant to poisons.
                  | (rPois) [potion of mutation]
 87201 | Depths:1 | Lost mutation: Your body often deteriorates upon taking
                  | damage. [potion of mutation]
 87201 | Depths:1 | Lost mutation: Your system is resistant to poisons. (rPois)
                  | [potion of mutation]
 87201 | Depths:1 | Gained mutation: You are partially covered in iridescent
                  | scales. (AC +2) [potion of mutation]
 87201 | Depths:1 | Gained mutation: You occasionally lose the ability to read
                  | scrolls when taking damage. [potion of mutation]
 87201 | Depths:1 | Gained mutation: Your body often deteriorates upon taking
                  | damage. [potion of mutation]
 87201 | Depths:1 | Gained mutation: You have sharp toenails. [potion of
                  | mutation]
 87202 | Depths:1 | Lost mutation: You are partially covered in iridescent
                  | scales. (AC +2) [potion of mutation]
 87202 | Depths:1 | Lost mutation: You possess an exceptional clarity of mind.
                  | [potion of mutation]
 87202 | Depths:1 | Lost mutation: Your body often deteriorates upon taking
                  | damage. [potion of mutation]
 87202 | Depths:1 | Gained mutation: You have razor-sharp toenails. [potion of
                  | mutation]
 87203 | Depths:1 | Lost mutation: You are vulnerable to cold. (rC-) [potion of
                  | mutation]
 87203 | Depths:1 | Lost mutation: You are weak. (Str -2) [potion of mutation]
 87203 | Depths:1 | Gained mutation: You occasionally lose the ability to drink
                  | potions when taking damage. [potion of mutation]
 87203 | Depths:1 | Lost mutation: You occasionally lose the ability to read
                  | scrolls when taking damage. [potion of mutation]
 87204 | Depths:1 | Lost mutation: You have razor-sharp toenails. [potion of
                  | mutation]
 87204 | Depths:1 | Lost mutation: You occasionally lose the ability to drink
                  | potions when taking damage. [potion of mutation]
 87204 | Depths:1 | Lost mutation: Your body sometimes deteriorates upon taking
                  | damage. [potion of mutation]
 87204 | Depths:1 | Gained mutation: You are strong-willed. (Will+) [potion of
                  | mutation]
 87204 | Depths:1 | Gained mutation: You have a pair of large horns on your
                  | head. [potion of mutation]
 87204 | Depths:1 | Gained mutation: You have razor-sharp toenails. [potion of
                  | mutation]
 87826 | Tomb:1   | Noticed a royal mummy
 87877 | Tomb:1   | Killed a royal mummy
 87877 | Tomb:1   | Received a gift from Okawaru
 88299 | Tomb:1   | Noticed a royal mummy
 88341 | Tomb:1   | Killed a royal mummy
 88960 | Tomb:1   | Identified the +0 ring mail of Beastly Lucidity {rCorr
                  | Int-2 Stlth+}
 89226 | Tomb:2   | Noticed a royal mummy
 89228 | Arena    | Entered the Arena
 89236 | Arena    | Killed a royal mummy
 89257 | Tomb:2   | Noticed a royal mummy
 89268 | Tomb:2   | Noticed a royal mummy
 89270 | Tomb:2   | Noticed a royal mummy
 89282 | Tomb:2   | Noticed a royal mummy
 89285 | Tomb:2   | HP: 17/399 [death scarab (4)]
 89285 | Tomb:2   | HP: 5/399 [emperor scorpion[a royal mummy] (12)]
 89285 | Tomb:2   | Slain by a royal mummy

Illustrated notes

Levels and vault maps discovered:
D:1:      lemuel_arrival_river_ford, layout_basic
D:2:      layout_basic, basic_ecumenical_altar, uniq_natasha
D:3:      layout_rooms, general_overflow_altar, uniq_pargi
D:4:      layout_gridville, guppyfry_early_lair_pool, uniq_sigmund, uniq_grinder
D:5:      layout_basic, grunt_temple_overflow_growth_and_decay,
          minmay_temple_entry_purple_smoke, minmay_shop_damaged,
          kennysheep_generic_room_15
D:6:      cheibrodos_barr_body, layout_cave_pools, mainiacjoe_overflow_alcove_4,
          uniq_jeremiah
D:7:      layout_basic
D:8:      layout_loops_ring, minmay_lair_entry_grove, uniq_erica, uniq_amaemon
D:9:      layout_roguey, mainiacjoe_overflow_cross_hatched,
          minmay_orc_entry_temple_small, enter_bailey_3
D:10:     layout_grid_maze, serial_shops, kennysheep_mini
D:11:     minmay_inside_and_out, layout_stronghold, enter_trove_3,
          fungi_pond_lemuel, nicolae_shop_unique_rings
D:12:     layout_long_grid, gammafunk_ghost_smash, water_maze_lemuel
D:13:     layout_roguey, serial_nicolae_subway, nicolae_sub_station_crystal,
          nicolae_sub_station_stone, nicolae_sub_station_metal, uniq_urug,
          uniq_rupert
D:14:     layout_roguey, hellmonk_vaults_keyhole,
          amcnicky_mini_rare_corridor_liquid, gammafunk_ghost_necromancy,
          nicolae_sif_muna_condensation
D:15:     grunt_enter_depths_magical_seal, layout_cave_pools,
          lemuel_coloured_pillars_altar, minmay_variable_closet
Temple:   minmay_temple_bridge_d
Lair:1:   layout_loops_ring, nicolae_volcano_entry_hallway
Lair:2:   layout_regular_city, palyth_hydra_swamp_entry,
          spider_nest_entry_rubble, basic_altar, serial_bayou_pond_a,
          infiniplex_staircase_pool, uniq_nergalle
Lair:3:   nzn_winding_woodlands_three_and_one
          [nzn_winding_woodlands_5x15_crooked,
          nzn_winding_woodlands_5x15_river_crossing,
          nzn_winding_woodlands_5x15_split_checker,
          nzn_winding_woodlands_center_lodge], layout_misc_corridors,
          lemuel_fruit_tree
Lair:4:   layout_regular_city, grunt_megastairs_5, lemuel_fruit_fields
Lair:5:   due_jungle_book, layout_long_grid, slime_entry_1, basic_altar,
          nzn_ghost_randoct, lemuel_old_faithful, uniq_sonja
Swamp:1:  layout_basic_swamp, evilmike_swamp_ruin_house_4, swamp_pool_3,
          nicolae_swamp_long_stream
Swamp:2:  layout_basic_swamp, nicolae_swamp_feature_on_the_river_bank,
          swamp_pool_3, nicolae_swamp_frolicking_bunyips,
          nicolae_swamp_decorative_isthmus, uniq_aizul, uniq_jorgrun
Swamp:3:  cheibrodos_swamp_mausoleum, layout_basic_swamp,
          evilmike_swamp_ruin_rubble_2, uniq_roxanne, uniq_donald,
          uniq_bai_suzhen, uniq_louise
Swamp:4:  swamp_vile, layout_basic_swamp
Spider:1: layout_spider_delve
Spider:2: nicolae_spider_obnoxious_hallway
Spider:3: layout_spider_delve, drop_trap, hellmonk_motheaten_closet, uniq_kirke
Spider:4: grunt_spider_rune_parallel, nicolae_arachne_temple
Slime:1:  layout_caves
Slime:2:  layout_caves, nicolae_slime_getting_an_eyeful, uniq_dissolution
Slime:3:  layout_caves
Slime:4:  layout_caves
Slime:5:  slime_pit
Orc:1:    layout_diamond_mine
Orc:2:    st_orc_mages, layout_diamond_mine, basic_altar
Elf:1:    eino_elf_arrival_customs, layout_loops_cross
Elf:2:    nicolae_elf_blades_crystal_corner, layout_geoelf_octagon,
          serial_shops, shop
Elf:3:    minmay_elf_hall_hex, layout_gridlike, basic_altar,
          david_defended_altar_elf, uniq_nikola
Vaults:1: v_misc_28, grunt_vaults_funnel, nicolae_vaults_network_barrier,
          vaults_room_corners, nicolae_vaults_trapezoid_2, ontoclasm_vaults_eye,
          nicolae_vaults_apartment_2, vaults_mumra_hexcomb,
          layout_vaults_quadrants, serial_shops, shop
Vaults:2: hangedman_vaults_locks, nicolae_vaults_heart-shaped_vault,
          nicolae_vaults_trapezoid_1, nicolae_vaults_turnstiles,
          nicolae_vaults_offset_grid_hallway_1, hangedman_vaults_capsules,
          hangedman_vaults_cutoff, nicolae_vaults_closet_pinwheel_1,
          nicolae_vaults_fighting_squares, nicolae_vaults_tetromino_Z_1,
          ontoclasm_vaults_hangar, grunt_vaults_focal,
          nicolae_vaults_tetromino_L_1, layout_vaults_maze, serial_shops,
          nicolae_square_shop, shop_coins, shop
Vaults:3: vaults_dpeg_hooks, minmay_crypt_entry_necro_gods,
          vaults_room_large_hall, v_misc_18,
          nicolae_vaults_offset_grid_hallway_4, nicolae_vaults_tetromino_Z_1,
          nicolae_vaults_six-pack, nicolae_vaults_murder_corner, v_misc_11,
          nicolae_vaults_tangram_2, hangedman_vaults_stretched_pinwheel,
          layout_vaults_big_room
Vaults:4: nicolae_vaults_bisected_exclaves, hangedman_vaults_snaps, v_misc_5,
          nicolae_vaults_variable_pillar_hall, nicolae_vaults_apartment_2,
          nicolae_vaults_little_squares_3, grunt_vaults_twisty,
          ontoclasm_vaults_misaligned, nicolae_vaults_minivaults,
          grunt_vaults_swirl, nicolae_vaults_tetromino_T_2,
          ontoclasm_vaults_ring_small, layout_vaults_ring
Vaults:5: serial_shops, uniq_saint_roka, uniq_boris, uniq_mennas
Crypt:1:  layout_regular_city
Crypt:2:  layout_gridlike, minmay_misc_feat_cross
Crypt:3:  church_of_pain_bobbens, layout_chaotic_city
Tomb:1
Tomb:2
Depths:1: layout_gridlike, serial_shops, nicolae_shop_pleasant_corner_grove,
          hangedman_abyss_or_decor_stagger, hangedman_abyss_entry_splay,
          hangedman_tar_grid_catacomb, hellmonk_guarded_unrand_salamander,
          serial_bayou_shore_a
Depths:2: minmay_quarter_circles, layout_small_grid, enter_ziggurat_e,
          abyss_entry_crystal, hell_entry, rand_demon_pan_entry_4
Depths:3: minmay_octagon_keep, layout_cave_pools, minmay_room_of_horrors,
          moated_statue, hell_entry, pan_entry, serial_shops, shop,
          feat_on_display, uniq_xtahua
Depths:4: grunt_zot_entry_tricorne, layout_twisted_cross,
          hangedman_coc_ice_floe, skrybe_limestone_x, abyss_entry_flame_altar,
          evilmike_ruin_ashenzari, uniq_sojobo, uniq_parghit
Hell
Dis:1:    layout_regular_city
Geh:1:    layout_gehenna_lava_caves
Geh:2:    layout_gehenna_pools_triple, lemuel_flamethrower_2
Coc:1:    layout_ice_bergs
Coc:2:    layout_cocytus_water_paths

Skill      XL: |  1  2  3  4  5  6  7  8  9 10 11 12 13 14 15 16 17 18 19 20 21 22 23 24 25 26 27 |
---------------+----------------------------------------------------------------------------------+-----
Fighting       | 4 5 6 7 8 9 10 11 12 13 15 16 17 18 19 20 21 22 23 24 25 | 25.4
Axes           | 3 4 5 6 8 9 11 12 13 14 15 16 17 18 19 20 21 22 23 24 25 | 25.3
Throwing       | 1 2 3 5 6 7 11 12 13 14 15 16 17 18 19 20 21 23 | 23.0
Armour         | 4 5 6 7 8 9 10 11 12 13 15 16 17 18 19 20 21 22 23 24 25 | 25.3
Shields        | 4 5 6 7 8 9 10 11 12 13 14 15 16 17 18 19 20 21 22 23 24 | 24.9
Invocations    | 4 6 8 9 10 11 12 13 14 15 | 15.0
Dodging        | 6 7 9 11 13 15 | 15.4

Action                     |  1- 3 |  4- 6 |  7- 9 | 10-12 | 13-15 | 16-18 | 19-21 | 22-24 | 25-27 || total
---------------------------+-------+-------+-------+-------+-------+-------+-------+-------+-------++-------
  Melee: War axe           |    49 |    56 |   271 |   263 |       |       |       |       |       ||   639
         Headbutt          |     2 |    12 |    38 |    70 |   265 |   353 |   397 |   337 |   907 ||  2381
         Broad axe         |       |       |       |   155 |  1120 |  1464 |  1587 |  1086 |  2792 ||  8204
         Bite              |       |       |       |       |       |       |       |       |   195 ||   195
  Throw: Boomerang         |    10 |    41 |    24 |    74 |    36 |   104 |   289 |   232 |   148 ||   958
         Dart              |       |       |       |     6 |       |       |       |       |       ||     6
         Javelin           |       |       |       |    10 |       |     7 |    17 |    16 |    11 ||    61
         Throwing net      |       |       |       |       |       |       |       |     1 |       ||     1
 Invoke: Heroism           |       |       |       |       |     2 |     1 |     2 |     1 |     3 ||     9
         Receive Weapon    |       |       |       |       |     1 |       |       |       |       ||     1
         Receive Armour    |       |       |       |       |     1 |       |       |       |       ||     1
         Finesse           |       |       |       |       |       |       |       |     1 |       ||     1
         Duel              |       |       |       |       |       |       |       |       |     1 ||     1
    Use: Potion            |       |       |     1 |     8 |     1 |     4 |       |     4 |    24 ||    42
         Scroll            |       |       |     6 |    10 |    11 |     2 |       |     8 |     7 ||    44
   Stab: Petrifying        |       |       |       |       |     2 |       |       |       |       ||     2
         Petrified         |       |       |       |       |     2 |       |       |       |       ||     2
         Distracted        |       |       |       |       |       |       |       |     1 |     1 ||     2
 Armour: Scale mail        |    39 |    41 |    54 |       |       |       |       |       |       ||   134
         Chain mail        |       |       |   182 |   230 |       |       |       |       |       ||   412
         Skin              |       |       |       |    33 |       |       |       |       |    64 ||    97
         Fire dragon scale |       |       |       |    20 |    71 |       |       |       |       ||    91
         Plate armour      |       |       |       |       |   711 |   979 |   862 |   629 |   252 ||  3433
         Gold dragon scale |       |       |       |       |       |       |       |       |   647 ||   647
  Dodge: Dodged            |    31 |    29 |   102 |   135 |   232 |   254 |   241 |   188 |   360 ||  1572
         Repelled          |       |       |       |       |       |       |       |    11 |    18 ||    29
  Block: Buckler           |    14 |     5 |       |       |       |       |       |       |       ||    19
         Kite shield       |       |     5 |   123 |   191 |   499 |   555 |   649 |   390 |    28 ||  2440
         Reflection        |       |       |       |       |       |    27 |    36 |     8 |    24 ||    95
         Tower shield      |       |       |       |       |       |       |       |       |  1972 ||  1972

Table legend: (Time is in decaauts)
 A = Elapsed time spent in this place.
 B = Non-inter-level travel time spent in this place.
 C = Inter-level travel time spent in this place.
 D = Time resting spent in this place.
 E = Time spent auto-exploring this place.
 F = Levels seen in this place.
 G = Mean time per level.
                   A        B        C        D        E       F      G
               +--------+--------+--------+--------+--------+-----+--------+
         Total |  85710 |  76907 |   8803 |  27731 |  32728 |  74 | 1158.2 |
       Dungeon |  16463 |  13181 |   3282 |   1532 |   8973 |  15 | 1097.5 |
        Temple |     38 |      2 |     36 |      0 |      0 |   1 |   38.0 |
          Lair |   5852 |   4949 |    903 |    483 |   3431 |   5 | 1170.4 |
         Swamp |   6989 |   6726 |    263 |   3729 |   1351 |   4 | 1747.2 |
   Spider Nest |   8702 |   7773 |    929 |   4721 |   1928 |   4 | 2175.5 |
    Slime Pits |   6414 |   6143 |    271 |   3561 |   1762 |   5 | 1282.8 |
  Orcish Mines |   2534 |   2011 |    523 |    688 |    855 |   2 | 1267.0 |
   Elven Halls |   6753 |   6590 |    163 |   3422 |   1901 |   3 | 2251.0 |
        Vaults |   8255 |   7325 |    930 |   1345 |   4370 |   5 | 1651.0 |
         Crypt |   4928 |   4749 |    179 |   1707 |   2157 |   3 | 1642.7 |
          Tomb |   2495 |   2297 |    198 |   1293 |    393 |   2 | 1247.5 |
        Depths |   6936 |   6070 |    866 |   2223 |   2812 |   4 | 1734.0 |
          Hell |   2158 |   2003 |    155 |   1166 |    499 |   1 | 2158.0 |
           Dis |     72 |     72 |      0 |     62 |      0 |   1 |   72.0 |
       Gehenna |    431 |    361 |     70 |    200 |      0 |   2 |  215.5 |
       Cocytus |    628 |    599 |     29 |    202 |    268 |   2 |  314.0 |
         Abyss |   4760 |   4760 |      0 |   1130 |   1771 |  11 |  432.7 |
         Trove |     95 |     95 |      0 |      0 |     60 |   1 |   95.0 |
        Bailey |    758 |    758 |      0 |    246 |     96 |   1 |  758.0 |
       Volcano |    422 |    422 |      0 |     15 |    101 |   1 |  422.0 |
         Arena |     19 |     19 |      0 |      0 |      0 |   1 |   19.0 |
               +--------+--------+--------+--------+--------+-----+--------+

Top non-repeatable levels by time:
   Elf:3: 3602 daAuts
Depths:1: 3212 daAuts
 Abyss:2: 2834 daAuts
Spider:4: 2803 daAuts
  Tomb:1: 2455 daAuts
Spider:3: 2376 daAuts
 Swamp:4: 2361 daAuts
Vaults:5: 2195 daAuts
    Hell: 2158 daAuts
 Crypt:3: 2073 daAuts
   Elf:2: 2048 daAuts
Spider:1: 1972 daAuts
   Orc:2: 1887 daAuts
Vaults:4: 1869 daAuts
Depths:2: 1813 daAuts
